 Dungeon Sprint DCSS version 0.22-a0-414-gacd343e (webtiles) character file.

33620 Mgcat the Martial Artist (level 13, -1/166 HPs)
             Began as a Gnoll Transmuter on May 13, 2018.
             Was the Champion of Okawaru.
             Succumbed to an emperor scorpion's poison
             ... in the Dungeon (Sprint IX: "|||||||||||||||||||||||||||||").
             The game lasted 00:21:25 (4018 turns).

Mgcat the Martial Artist (Gnoll Transmuter)         Turns: 4018, Time: 00:21:25

Health: -1/166     AC: 13    Str: 21    XL:     13   Next: 72%
Magic:  1/30       EV: 21    Int: 20    God:    Okawaru [******]
Gold:   207        SH:  0    Dex: 13    Spells: 24/39 levels left

rFire    + . .     SeeInvis .     - Unarmed
rCold    . . .     Gourm    .   (shield currently unavailable)
rNeg     + . .     Faith    .   b - +1 scale mail of the Republic {rElec rF+ Dex-3}
rPois    .         Spirit   +   p - +2 hat of the Bear Spirit {Spirit, +Rage rN+ MR++}
rElec    +         Reflect  .   m - +1 cloak
rCorr    .         Harm     .   (gloves currently unavailable)
MR       ++...     NoTele   +   r - +0 pair of boots {run}
Stlth    ..........             w - amulet of the acrobat
HPRegen  0.37/turn              o - +3 ring of intelligence
MPRegen  0.22/turn              y - +3 ring of protection

@: berserking, lethally poisoned (-1 -> -77), blade hands, heroism, corroded,
very quick
A: distributed training, fangs 1, strong nose
a: End Transformation, Heroism, Finesse, Renounce Religion, Evoke Berserk Rage


You were in the Dungeon.
You worshipped Okawaru.
Okawaru was exalted by your worship.
You were hungry.
You had blades for hands.
You visited 1 branch You collected 1909 gold pieces.
You spent 1702 gold pieces at shops.

Inventory:

Missiles
 a - 102 arrows
 u - 3 throwing nets {=f, !d}
Armour
 b - the +1 scale mail of the Republic (worn) {rElec rF+ Dex-3}
   (Okawaru gifted it to you in the Dungeon)

   It affects your dexterity (-3).
   It protects you from fire.
   It insulates you from electricity.
 c - a +0 buckler (melded)
   (You took it off a tengu conjurer in the Dungeon)
 f - a +0 pair of gloves (melded)
   (You found it in the Dungeon)
 m - a +1 cloak (worn)
   (You found it in the Dungeon)
 n - a +1 pair of boots
   (You found it in the Dungeon)
 p - the +2 hat of the Bear Spirit (worn) {Spirit, +Rage rN+ MR++}
   (You bought it in a shop in the Dungeon)

   It protects you from negative energy.
   It affects your resistance to hostile enchantments.
   It lets you go berserk.
 r - a +0 pair of boots of running (worn)
   (Okawaru gifted it to you in the Dungeon)
Magical Staves
 k - an uncursed staff of energy {+MP, hungerless spells, !d!a@w1}
   (You found it in the Dungeon)
Jewellery
 o - a +3 ring of intelligence (left scythe-like blade)
   (You found it in the Dungeon)
 w - an amulet of the acrobat (around neck)
   (You bought it in a shop in the Dungeon)
 x - an uncursed ring of see invisible {sInv, !d}
   (You bought it in a shop in the Dungeon)
 y - a +3 ring of protection (right scythe-like blade)
   (You bought it in a shop in the Dungeon)
Wands
 l - a wand of iceblast (6)
   (You found it in the Dungeon)
Scrolls
 g - 3 scrolls of remove curse
 i - 2 scrolls of amnesia
 j - 3 scrolls of blinking {!r}
 s - 3 scrolls of fear
 t - 6 scrolls of enchant weapon
 I - 2 scrolls of identify
Potions
 h - 5 potions of magic
 q - a potion of resistance
 H - a potion of agility
 J - a potion of mutation {!q}
Comestibles
 d - 11 rations


   Skills:
 + Level 13.3(18.3) Fighting
 + Level 13.1(18.1) Short Blades
 + Level 13.1(18.1) Long Blades
 + Level 13.1(18.1) Axes
 + Level 13.1(18.1) Maces & Flails
 + Level 13.1(18.1) Polearms
 + Level 13.1(18.1) Staves
 + Level 13.1(18.1) Slings
 + Level 13.1(18.1) Bows
 + Level 13.1(18.1) Crossbows
 + Level 13.1(18.1) Throwing
 + Level 13.1(18.1) Armour
 + Level 13.8(18.8) Dodging
 + Level 13.1(18.1) Stealth
 + Level 13.1(18.1) Shields
 + Level 14.4(19.4) Unarmed Combat
 + Level 13.9 Spellcasting
 + Level 11.3 Conjurations
 + Level 11.3 Hexes
 + Level 11.3 Charms
 + Level 11.3 Summonings
 + Level 11.3 Necromancy
 + Level 11.3 Translocations
 + Level 11.8 Transmutations
 + Level 11.3 Fire Magic
 + Level 11.3 Ice Magic
 + Level 11.3 Air Magic
 + Level 11.3 Earth Magic
 + Level 11.3 Poison Magic
 + Level 14.2 Invocations
 + Level 13.1 Evocations


You had 24 spell levels left.
You knew the following spells:

 Your Spells              Type           Power        Failure   Level  Hunger
a - Beastly Appendage     Tmut           ######       6%          1    None
b - Sticks to Snakes      Tmut           ######..     7%          2    None
c - Spider Form           Tmut/Pois      ######....   9%          3    None
d - Ice Form              Ice/Tmut       ######..     13%         4    None
e - Blade Hands           Tmut           ######....   21%         5    ####...

Your spell library contained the following spells:

 Spells                   Type           Power        Failure   Level  Hunger


Dungeon Overview and Level Annotations

Branches:
Dungeon (1/1)

Altars:
Cheibriados
Dithmenos
Elyvilon
Fedhas
Gozag
Hepliaklqana
Kikubaaqudgha
Makhleb
Nemelex Xobeh
Okawaru
Qazlal
Ru
Sif Muna
Trog
Uskayaw
Vehumet
Wu Jian
Xom
Yredelemnul
Zin
The Shining One
Beogh
Jiyva
Lugonu

Shops:
D ![[=


Innate Abilities, Weirdness & Mutations

Your experience applies equally to all skills.
You have very sharp teeth.
Your uncanny sense of smell can sniff out nearby items.


Message History

You completely miss the entropy weaver.
The entropy weaver is almost dead.
The entropy weaver hits you! The entropy weaver hits you.
The entropy weaver barely misses you. The entropy weaver hits you.
You slice the entropy weaver!!
You kill the entropy weaver!
Okawaru is honoured by your kill.
The jumping spider leaps!
Your magical effects are unravelling.
You feel magically purged.
Your hands revert to their normal proportions.
Your +0 pair of gloves unmelds from your body.
Your +0 buckler unmelds from your body.
You are no longer corroded.
You punch the emperor scorpion!
The emperor scorpion is lightly wounded.
The emperor scorpion stings you!
The emperor scorpion closely misses you.
The emperor scorpion barely misses you.
You barely miss the emperor scorpion.
The emperor scorpion is lightly wounded.
Casting: Blade Hands (safe; 2% risk of failure)
Confirm with . or Enter, or press ? or * to list all spells.
Your hands turn into razor-sharp scythe blades.
Your +0 pair of gloves melds into your body.
Your +0 buckler melds into your body.
The jumping spider leaps!
The emperor scorpion closely misses you.
The emperor scorpion misses you.
The emperor scorpion claws you but does no damage.
An orb spider comes into view.
The orb spider hisses angrily.
You slice the emperor scorpion!!
The emperor scorpion is moderately wounded.
The jumping spider pounces on you!
You are caught in a web!
The jumping spider bites you but does no damage.
The emperor scorpion stings you!!
* * * LOW HITPOINT WARNING * * *
The emperor scorpion claws you but does no damage.
The emperor scorpion misses you.
The jumping spider leaps!
You barely miss the emperor scorpion.
You bite the emperor scorpion, but do no damage.
The emperor scorpion is moderately wounded.
The emperor scorpion stings you but does no damage.
The emperor scorpion completely misses you.
The emperor scorpion claws you.
* * * LOW HITPOINT WARNING * * *
You slash the emperor scorpion! x2
The emperor scorpion is heavily wounded.
You hit the emperor scorpion but do no damage.
Your bite misses the emperor scorpion.
The emperor scorpion is heavily wounded.
Okay, then.
Unknown command.
You barely miss the emperor scorpion. You slash the emperor scorpion.
The emperor scorpion is heavily wounded.
The emperor scorpion stings you but does no damage.
The emperor scorpion claws you.
* * * LOW HITPOINT WARNING * * *
The emperor scorpion barely misses you.
You feel better.
The jumping spider leaps!
The entropy weaver mumbles some strange words.
The entropic weave corrodes you! The emperor scorpion barely misses you.
The emperor scorpion claws you.
* * * LOW HITPOINT WARNING * * *
The emperor scorpion closely misses you.
Really quaff
G - a potion of berserk rage {!q}?
A red film seems to cover your vision as you go berserk!
Your finesse ends abruptly.
You feel yourself moving faster!
You feel mighty! The jumping spider misses you.
The jumping spider barely misses you. The emperor scorpion stings you!
* * * LOW HITPOINT WARNING * * *
You are poisoned.
The emperor scorpion poisons you!
The emperor scorpion claws you but does no damage.
The emperor scorpion closely misses you.
You slash the jumping spider! Your bite misses the jumping spider.
The jumping spider is heavily wounded.
You feel sick.
The jumping spider leaps!
You closely miss the emperor scorpion.
The emperor scorpion is heavily wounded.
You feel sick.
The entropy weaver gestures wildly while chanting.
The entropic weave corrodes you! The emperor scorpion stings you!!
* * * LOW HITPOINT WARNING * * *
You are more poisoned.
The emperor scorpion poisons you! The emperor scorpion claws you!
* * * LOW HITPOINT WARNING * * *
The emperor scorpion completely misses you.
You are too berserk!
You are too berserk!
You are too berserk!
You are too berserk!
You slice the emperor scorpion!!
The emperor scorpion is severely wounded.
* * * LOW HITPOINT WARNING * * *
You feel sick.
You slash the emperor scorpion!
You kill the emperor scorpion!
Okawaru is honoured by your kill.
You die...

▓▓▓▓▓▓▓▓♣♣♣♣♣♣♣♣♣♣▓▓▓▓▓▓
.ssass†@§....s.÷.÷...÷))
▓▓▓▓▓▓▓▓▓▓▓▓▓▓▓▓▓♣♣♣♣♣♣♣♣♣♣▓▓▓▓▓▓
.................................
▓▓▓▓▓▓▓▓▓▓▓▓▓▓▓▓▓▓▓▓▓▓▓▓▓▓▓▓▓▓▓▓▓
...'..)...[...[....'......=...[[.
▓▓▓▓▓▓▓▓▓▓▓▓▓▓▓▓▓▓▓▓▓▓▓▓▓▓▓▓▓▓▓▓▓
.................................
▓▓▓▓▓▓▓▓▓▓▓▓▓▓▓▓▓▓▓▓▓▓▓▓▓▓▓▓▓▓▓▓▓
...'....)∩)∩)∩.∩).[))'...)).)))()


You could see an entropy weaver, a wolf spider, an orb spider, a jumping spider
and 2 redbacks.

Vanquished Creatures
  An emperor scorpion (D)
  An entropy weaver (D)
  2 stone giants (D)
  Nessos (D)
  A spark wasp (D)
  A merfolk javelineer (D)
  Harold (D)
  4 hydras (D)
  3 ice dragons (D)
  A two-headed ogre (D)
  An alligator (D)
  A centaur warrior (D)
  A vampire mage (D)
  2 shock serpents (D)
  6 orc high priests (D)
  A salamander mystic (D)
  A skeletal warrior (D)
  3 sea snakes (D)
  2 lindwurms (D)
  2 orc knights (D)
  2 manticores (D)
  2 mana vipers (D)
  An ugly thing (D)
  A naga mage (D)
  4 black mambas (D)
  2 rime drakes (D)
  2 komodo dragons (D)
  A spiny frog (D)
  A freezing wraith (D)
  A tengu conjurer (D)
  3 tyrant leeches (D)
  A blink frog (D)
  A bog body (D)
  3 snapping turtles (D)
  A shadow (D)
  2 basilisks (D)
  A wraith (D)
  A wyvern (D)
  A yak (D)
  An acid dragon (D)
  6 porcupines (D)
  8 orc warriors (D)
  A swamp drake (D)
  2 ice beasts (D)
  An ogre (D)
  A centaur (D)
  2 wolves (D)
  A crocodile (D)
  A bullfrog (D)
  2 crimson imps (D)
  A quasit (D)
  12 orc priests (D)
  2 hounds (D)
  4 orc wizards (D)
  An adder (D)
  A shadow imp (D)
  An adder skeleton (D)
  3 worms (D)
  6 orcs (D)
  2 quokkas (D)
  A frilled lizard (D)
  3 kobolds (D)
  A quokka zombie (D)
  A rat (D)
132 creatures vanquished.

Vanquished Creatures (others)
  A centaur (D)
1 creature vanquished.

Grand Total: 133 creatures vanquished

Notes
Turn   | Place    | Note
-------+----------+-------------------------------------------
     0 | D        | Mgcat the Gnoll Transmuter began the quest for the Orb.
     0 | D        | Reached XP level 1. HP: 17/17 MP: 6/6
    15 | D        | Reached skill level 5 in Spellcasting
    25 | D        | Noticed a crimson imp
    25 | D        | Noticed a hound
    27 | D        | HP: 4/17 [hound (3)]
    36 | D        | HP: 3/17 [hound (5)]
    38 | D        | Killed a hound
    38 | D        | Reached skill level 3 in Fighting
    38 | D        | Reached skill level 1 in Short Blades
    38 | D        | Reached skill level 1 in Long Blades
    38 | D        | Reached skill level 1 in Axes
    38 | D        | Reached skill level 1 in Maces & Flails
    38 | D        | Reached skill level 1 in Polearms
    38 | D        | Reached skill level 1 in Staves
    38 | D        | Reached skill level 1 in Slings
    38 | D        | Reached skill level 1 in Bows
    38 | D        | Reached skill level 1 in Crossbows
    38 | D        | Reached skill level 1 in Throwing
    38 | D        | Reached skill level 1 in Armour
    38 | D        | Reached skill level 1 in Stealth
    38 | D        | Reached skill level 1 in Shields
    38 | D        | Reached skill level 1 in Conjurations
    38 | D        | Reached skill level 1 in Hexes
    38 | D        | Reached skill level 1 in Charms
    38 | D        | Reached skill level 1 in Summonings
    38 | D        | Reached skill level 1 in Necromancy
    38 | D        | Reached skill level 1 in Translocations
    38 | D        | Reached skill level 4 in Transmutations
    38 | D        | Reached skill level 1 in Fire Magic
    38 | D        | Reached skill level 1 in Ice Magic
    38 | D        | Reached skill level 1 in Air Magic
    38 | D        | Reached skill level 1 in Earth Magic
    38 | D        | Reached skill level 1 in Poison Magic
    38 | D        | Reached skill level 2 in Invocations
    38 | D        | Reached skill level 1 in Evocations
    38 | D        | Reached XP level 2. HP: 6/24 MP: 8/8
    38 | D        | Reached XP level 3. HP: 8/29 MP: 9/9
    44 | D        | Reached skill level 2 in Short Blades
    44 | D        | Reached skill level 2 in Long Blades
    44 | D        | Reached skill level 2 in Axes
    44 | D        | Reached skill level 2 in Maces & Flails
    44 | D        | Reached skill level 2 in Polearms
    44 | D        | Reached skill level 2 in Staves
    44 | D        | Reached skill level 2 in Slings
    44 | D        | Reached skill level 2 in Bows
    44 | D        | Reached skill level 2 in Crossbows
    44 | D        | Reached skill level 2 in Throwing
    44 | D        | Reached skill level 2 in Armour
    44 | D        | Reached skill level 5 in Dodging
    44 | D        | Reached skill level 2 in Stealth
    44 | D        | Reached skill level 2 in Shields
    44 | D        | Reached skill level 2 in Evocations
    45 | D        | Reached skill level 7 in Unarmed Combat
    45 | D        | Reached skill level 2 in Conjurations
    45 | D        | Reached skill level 2 in Hexes
    45 | D        | Reached skill level 2 in Charms
    45 | D        | Reached skill level 2 in Summonings
    45 | D        | Reached skill level 2 in Necromancy
    45 | D        | Reached skill level 2 in Translocations
    45 | D        | Reached skill level 2 in Fire Magic
    45 | D        | Reached skill level 2 in Ice Magic
    45 | D        | Reached skill level 2 in Air Magic
    45 | D        | Reached skill level 2 in Earth Magic
    45 | D        | Reached skill level 2 in Poison Magic
    45 | D        | Reached XP level 4. HP: 10/36 MP: 9/11
   294 | D        | Found a roughly hewn altar of Beogh.
   294 | D        | Found a snail-covered altar of Cheibriados.
   294 | D        | Found a shadowy altar of Dithmenos.
   294 | D        | Found a white marble altar of Elyvilon.
   294 | D        | Found a blossoming altar of Fedhas.
   294 | D        | Found an opulent altar of Gozag.
   295 | D        | Found a hazy altar of Hepliaklqana.
   296 | D        | Found a viscous altar of Jiyva.
   297 | D        | Found an ancient bone altar of Kikubaaqudgha.
   298 | D        | Found a corrupted altar of Lugonu.
   301 | D        | Found a burning altar of Makhleb.
   302 | D        | Found a sparkling altar of Nemelex Xobeh.
   303 | D        | Found an iron altar of Okawaru.
   304 | D        | Found a stormy altar of Qazlal.
   305 | D        | Found a sacrificial altar of Ru.
   306 | D        | Found a deep blue altar of Sif Muna.
   307 | D        | Found a bloodstained altar of Trog.
   308 | D        | Found a hide-covered altar of Uskayaw.
   309 | D        | Found a radiant altar of Vehumet.
   310 | D        | Found an ornate altar of the Wu Jian Council.
   311 | D        | Found a shimmering altar of Xom.
   312 | D        | Found a basalt altar of Yredelemnul.
   313 | D        | Found a glowing silver altar of Zin.
   314 | D        | Found a glowing golden altar of the Shining One.
   351 | D        | Became a worshipper of Warmaster Okawaru
   396 | D        | Learned a level 2 spell: Sticks to Snakes
   400 | D        | Learned a level 3 spell: Spider Form
   405 | D        | Learned a level 4 spell: Ice Form
   406 | D        | Noticed an ice beast
   406 | D        | Noticed a yak
   406 | D        | Noticed an ogre
   409 | D        | Killed an ogre
   409 | D        | Reached skill level 4 in Fighting
   409 | D        | Reached skill level 3 in Short Blades
   409 | D        | Reached skill level 3 in Long Blades
   409 | D        | Reached skill level 3 in Axes
   409 | D        | Reached skill level 3 in Maces & Flails
   409 | D        | Reached skill level 3 in Polearms
   409 | D        | Reached skill level 3 in Staves
   409 | D        | Reached skill level 3 in Slings
   409 | D        | Reached skill level 3 in Bows
   409 | D        | Reached skill level 3 in Crossbows
   409 | D        | Reached skill level 3 in Throwing
   409 | D        | Reached skill level 3 in Armour
   409 | D        | Reached skill level 3 in Stealth
   409 | D        | Reached skill level 3 in Shields
   409 | D        | Reached skill level 6 in Spellcasting
   409 | D        | Reached skill level 3 in Invocations
   409 | D        | Reached skill level 3 in Evocations
   409 | D        | Reached XP level 5. HP: 43/43 MP: 8/13
   418 | D        | Killed a yak
   418 | D        | Reached * piety under Okawaru
   418 | D        | Reached skill level 5 in Fighting
   418 | D        | Reached skill level 4 in Short Blades
   418 | D        | Reached skill level 4 in Long Blades
   418 | D        | Reached skill level 4 in Axes
   418 | D        | Reached skill level 4 in Maces & Flails
   418 | D        | Reached skill level 4 in Polearms
   418 | D        | Reached skill level 4 in Staves
   418 | D        | Reached skill level 4 in Slings
   418 | D        | Reached skill level 4 in Bows
   418 | D        | Reached skill level 4 in Crossbows
   418 | D        | Reached skill level 4 in Throwing
   418 | D        | Reached skill level 4 in Armour
   418 | D        | Reached skill level 6 in Dodging
   418 | D        | Reached skill level 4 in Stealth
   418 | D        | Reached skill level 4 in Shields
   418 | D        | Reached skill level 8 in Unarmed Combat
   418 | D        | Reached skill level 3 in Conjurations
   418 | D        | Reached skill level 3 in Hexes
   418 | D        | Reached skill level 3 in Charms
   418 | D        | Reached skill level 3 in Summonings
   418 | D        | Reached skill level 3 in Necromancy
   418 | D        | Reached skill level 3 in Translocations
   418 | D        | Reached skill level 5 in Transmutations
   418 | D        | Reached skill level 3 in Fire Magic
   418 | D        | Reached skill level 3 in Ice Magic
   418 | D        | Reached skill level 3 in Air Magic
   418 | D        | Reached skill level 3 in Earth Magic
   418 | D        | Reached skill level 3 in Poison Magic
   418 | D        | Reached skill level 4 in Invocations
   418 | D        | Reached skill level 4 in Evocations
   418 | D        | Reached XP level 6. HP: 36/51 MP: 6/15
   424 | D        | Killed an ice beast
   424 | D        | Reached skill level 7 in Spellcasting
   424 | D        | Reached skill level 4 in Conjurations
   424 | D        | Reached skill level 4 in Hexes
   424 | D        | Reached skill level 4 in Charms
   424 | D        | Reached skill level 4 in Summonings
   424 | D        | Reached skill level 4 in Necromancy
   424 | D        | Reached skill level 4 in Translocations
   424 | D        | Reached skill level 4 in Fire Magic
   424 | D        | Reached skill level 4 in Ice Magic
   424 | D        | Reached skill level 4 in Air Magic
   424 | D        | Reached skill level 4 in Earth Magic
   424 | D        | Reached skill level 4 in Poison Magic
   424 | D        | Reached skill level 5 in Invocations
   603 | D        | Learned a level 5 spell: Blade Hands
   604 | D        | Noticed a wraith
   604 | D        | Noticed a two-headed ogre
   604 | D        | Noticed a skeletal warrior
   617 | D        | Killed a skeletal warrior
   617 | D        | Reached ** piety under Okawaru
   617 | D        | Reached skill level 6 in Fighting
   617 | D        | Reached skill level 5 in Short Blades
   617 | D        | Reached skill level 5 in Long Blades
   617 | D        | Reached skill level 5 in Axes
   617 | D        | Reached skill level 5 in Maces & Flails
   617 | D        | Reached skill level 5 in Polearms
   617 | D        | Reached skill level 5 in Staves
   617 | D        | Reached skill level 5 in Slings
   617 | D        | Reached skill level 5 in Bows
   617 | D        | Reached skill level 5 in Crossbows
   617 | D        | Reached skill level 5 in Throwing
   617 | D        | Reached skill level 5 in Armour
   617 | D        | Reached skill level 7 in Dodging
   617 | D        | Reached skill level 5 in Stealth
   617 | D        | Reached skill level 5 in Shields
   617 | D        | Reached skill level 6 in Transmutations
   617 | D        | Reached skill level 6 in Invocations
   617 | D        | Reached skill level 5 in Evocations
   617 | D        | Reached XP level 7. HP: 44/59 MP: 13/18
   617 | D        | Reached XP level 8. HP: 48/65 MP: 13/19
   620 | D        | Killed a two-headed ogre
   620 | D        | Reached *** piety under Okawaru
   620 | D        | Reached **** piety under Okawaru
   620 | D        | Reached skill level 7 in Fighting
   620 | D        | Reached skill level 6 in Short Blades
   620 | D        | Reached skill level 6 in Long Blades
   620 | D        | Reached skill level 6 in Axes
   620 | D        | Reached skill level 6 in Maces & Flails
   620 | D        | Reached skill level 6 in Polearms
   620 | D        | Reached skill level 6 in Staves
   620 | D        | Reached skill level 6 in Slings
   620 | D        | Reached skill level 6 in Bows
   620 | D        | Reached skill level 6 in Crossbows
   620 | D        | Reached skill level 6 in Throwing
   620 | D        | Reached skill level 6 in Armour
   620 | D        | Reached skill level 8 in Dodging
   620 | D        | Reached skill level 6 in Stealth
   620 | D        | Reached skill level 6 in Shields
   620 | D        | Reached skill level 9 in Unarmed Combat
   620 | D        | Reached skill level 8 in Spellcasting
   620 | D        | Reached skill level 5 in Conjurations
   620 | D        | Reached skill level 5 in Hexes
   620 | D        | Reached skill level 5 in Charms
   620 | D        | Reached skill level 5 in Summonings
   620 | D        | Reached skill level 5 in Necromancy
   620 | D        | Reached skill level 5 in Translocations
   620 | D        | Reached skill level 5 in Fire Magic
   620 | D        | Reached skill level 5 in Ice Magic
   620 | D        | Reached skill level 5 in Air Magic
   620 | D        | Reached skill level 5 in Earth Magic
   620 | D        | Reached skill level 5 in Poison Magic
   620 | D        | Reached skill level 7 in Invocations
   620 | D        | Reached skill level 6 in Evocations
   631 | D        | Killed a wraith
   795 | D        | Noticed a rime drake
   795 | D        | Noticed a black mamba
   797 | D        | Killed a black mamba
   797 | D        | Reached skill level 7 in Short Blades
   797 | D        | Reached skill level 7 in Long Blades
   797 | D        | Reached skill level 7 in Axes
   797 | D        | Reached skill level 7 in Maces & Flails
   797 | D        | Reached skill level 7 in Polearms
   797 | D        | Reached skill level 7 in Staves
   797 | D        | Reached skill level 7 in Slings
   797 | D        | Reached skill level 7 in Bows
   797 | D        | Reached skill level 7 in Crossbows
   797 | D        | Reached skill level 7 in Throwing
   797 | D        | Reached skill level 7 in Armour
   797 | D        | Reached skill level 7 in Stealth
   797 | D        | Reached skill level 7 in Shields
   797 | D        | Reached skill level 7 in Transmutations
   797 | D        | Reached skill level 7 in Evocations
   797 | D        | Reached XP level 9. HP: 72/72 MP: 15/21
   827 | D        | Reached skill level 6 in Conjurations
   827 | D        | Reached skill level 6 in Hexes
   827 | D        | Reached skill level 6 in Charms
   827 | D        | Reached skill level 6 in Summonings
   827 | D        | Reached skill level 6 in Necromancy
   827 | D        | Reached skill level 6 in Translocations
   827 | D        | Reached skill level 6 in Fire Magic
   827 | D        | Reached skill level 6 in Ice Magic
   827 | D        | Reached skill level 6 in Air Magic
   827 | D        | Reached skill level 6 in Earth Magic
   827 | D        | Reached skill level 6 in Poison Magic
   830 | D        | Reached skill level 9 in Spellcasting
   830 | D        | Reached skill level 8 in Invocations
   831 | D        | Reached ***** piety under Okawaru
   835 | D        | Killed a rime drake
   835 | D        | Received a gift from Okawaru
   835 | D        | Reached skill level 8 in Fighting
   835 | D        | Reached skill level 9 in Dodging
   835 | D        | Reached skill level 10 in Unarmed Combat
   838 | D        | HP: 15/74 [porcupine's spines (7)]
   839 | D        | HP: 2/74 [porcupine's spines (13)]
  1060 | D        | Noticed a rime drake
  1064 | D        | Noticed a komodo dragon
  1064 | D        | Reached skill level 8 in Short Blades
  1064 | D        | Reached skill level 8 in Long Blades
  1064 | D        | Reached skill level 8 in Axes
  1064 | D        | Reached skill level 8 in Maces & Flails
  1064 | D        | Reached skill level 8 in Polearms
  1064 | D        | Reached skill level 8 in Staves
  1064 | D        | Reached skill level 8 in Slings
  1064 | D        | Reached skill level 8 in Bows
  1064 | D        | Reached skill level 8 in Crossbows
  1064 | D        | Reached skill level 8 in Throwing
  1064 | D        | Reached skill level 8 in Armour
  1064 | D        | Reached skill level 8 in Stealth
  1064 | D        | Reached skill level 8 in Shields
  1064 | D        | Reached skill level 8 in Evocations
  1067 | D        | Noticed a komodo dragon
  1073 | D        | Killed a rime drake
  1073 | D        | Reached skill level 9 in Invocations
  1073 | D        | Reached XP level 10. HP: 66/82 MP: 11/23
  1078 | D        | Reached skill level 7 in Conjurations
  1078 | D        | Reached skill level 7 in Hexes
  1078 | D        | Reached skill level 7 in Charms
  1078 | D        | Reached skill level 7 in Summonings
  1078 | D        | Reached skill level 7 in Necromancy
  1078 | D        | Reached skill level 7 in Translocations
  1078 | D        | Reached skill level 8 in Transmutations
  1078 | D        | Reached skill level 7 in Fire Magic
  1078 | D        | Reached skill level 7 in Ice Magic
  1078 | D        | Reached skill level 7 in Air Magic
  1078 | D        | Reached skill level 7 in Earth Magic
  1078 | D        | Reached skill level 7 in Poison Magic
  1084 | D        | Received a gift from Okawaru
  1084 | D        | Reached skill level 9 in Fighting
  1084 | D        | Reached skill level 10 in Spellcasting
  1302 | D        | Noticed a lindwurm
  1310 | D        | Noticed a lindwurm
  1315 | D        | Killed a lindwurm
  1315 | D        | Reached skill level 10 in Dodging
  1324 | D        | Reached skill level 9 in Short Blades
  1324 | D        | Reached skill level 9 in Long Blades
  1324 | D        | Reached skill level 9 in Axes
  1324 | D        | Reached skill level 9 in Maces & Flails
  1324 | D        | Reached skill level 9 in Polearms
  1324 | D        | Reached skill level 9 in Staves
  1324 | D        | Reached skill level 9 in Slings
  1324 | D        | Reached skill level 9 in Bows
  1324 | D        | Reached skill level 9 in Crossbows
  1324 | D        | Reached skill level 9 in Throwing
  1324 | D        | Reached skill level 9 in Armour
  1324 | D        | Reached skill level 9 in Stealth
  1324 | D        | Reached skill level 9 in Shields
  1324 | D        | Reached skill level 11 in Unarmed Combat
  1324 | D        | Reached skill level 9 in Evocations
  1337 | D        | Killed a lindwurm
  1337 | D        | Reached skill level 10 in Invocations
  1588 | D        | Noticed a stone giant
  1598 | D        | Killed a stone giant
  1598 | D        | Received a gift from Okawaru
  1598 | D        | Received a gift from Okawaru
  1598 | D        | Reached skill level 8 in Conjurations
  1598 | D        | Reached skill level 8 in Hexes
  1598 | D        | Reached skill level 8 in Charms
  1598 | D        | Reached skill level 8 in Summonings
  1598 | D        | Reached skill level 8 in Necromancy
  1598 | D        | Reached skill level 8 in Translocations
  1598 | D        | Reached skill level 8 in Fire Magic
  1598 | D        | Reached skill level 8 in Ice Magic
  1598 | D        | Reached skill level 8 in Air Magic
  1598 | D        | Reached skill level 8 in Earth Magic
  1598 | D        | Reached skill level 8 in Poison Magic
  1598 | D        | Reached XP level 11. HP: 31/90 MP: 10/25
  1867 | D        | Reached skill level 9 in Transmutations
  1868 | D        | Noticed an orc knight
  1870 | D        | Reached skill level 10 in Fighting
  1884 | D        | Received a gift from Okawaru
  1886 | D        | Noticed an orc knight
  1892 | D        | Killed an orc knight
  1905 | D        | Killed an orc knight
  1905 | D        | Received a gift from Okawaru
  1905 | D        | Reached skill level 11 in Spellcasting
  1907 | D        | Reached skill level 10 in Short Blades
  1907 | D        | Reached skill level 10 in Long Blades
  1907 | D        | Reached skill level 10 in Axes
  1907 | D        | Reached skill level 10 in Maces & Flails
  1907 | D        | Reached skill level 10 in Polearms
  1907 | D        | Reached skill level 10 in Staves
  1907 | D        | Reached skill level 10 in Slings
  1907 | D        | Reached skill level 10 in Bows
  1907 | D        | Reached skill level 10 in Crossbows
  1907 | D        | Reached skill level 10 in Throwing
  1907 | D        | Reached skill level 10 in Armour
  1907 | D        | Reached skill level 10 in Stealth
  1907 | D        | Reached skill level 10 in Shields
  1907 | D        | Reached skill level 10 in Evocations
  1967 | D        | Found Hais's Jewellery Boutique.
  1967 | D        | Noticed an orc high priest
  1970 | D        | Noticed an orc high priest
  1974 | D        | Killed an orc high priest
  1974 | D        | Reached skill level 11 in Dodging
  1976 | D        | Found Cuziyr's Armour Shop.
  1986 | D        | Found Xofal's Armour Boutique.
  1986 | D        | Noticed an orc high priest
  1988 | D        | Noticed a soul eater
  1994 | D        | Killed an orc high priest
  1994 | D        | Reached skill level 11 in Invocations
  1997 | D        | Noticed an orc high priest
  2002 | D        | Found Ykoa's Distillery.
  2002 | D        | Noticed an orc high priest
  2005 | D        | Killed an orc high priest
  2005 | D        | Reached skill level 12 in Unarmed Combat
  2005 | D        | HP: 19/92 [orc priest/divine providence (12)]
  2020 | D        | Killed an orc high priest
  2024 | D        | Noticed an orc high priest
  2026 | D        | Killed an orc high priest
  2026 | D        | Reached skill level 9 in Conjurations
  2026 | D        | Reached skill level 9 in Hexes
  2026 | D        | Reached skill level 9 in Charms
  2026 | D        | Reached skill level 9 in Summonings
  2026 | D        | Reached skill level 9 in Necromancy
  2026 | D        | Reached skill level 9 in Translocations
  2026 | D        | Reached skill level 9 in Fire Magic
  2026 | D        | Reached skill level 9 in Ice Magic
  2026 | D        | Reached skill level 9 in Air Magic
  2026 | D        | Reached skill level 9 in Earth Magic
  2026 | D        | Reached skill level 9 in Poison Magic
  2034 | D        | Noticed a sun demon
  2036 | D        | Noticed a soul eater
  2036 | D        | Killed an orc high priest
  2036 | D        | Reached skill level 11 in Fighting
  2089 | D        | Bought an uncursed amulet of the acrobat for 420 gold pieces
  2089 | D        | Bought an uncursed ring of see invisible for 210 gold pieces
  2089 | D        | Bought a +3 ring of protection for 294 gold pieces
  2121 | D        | Bought the +2 hat of the Bear Spirit {Spirit, +Rage rN+ MR++} for 547 gold pieces
  2121 | D        | Found the +2 hat of the Bear Spirit {Spirit, +Rage rN+ MR++}
  2133 | D        | Bought a potion of cancellation for 88 gold pieces
  2133 | D        | Bought a potion of invisibility for 88 gold pieces
  2133 | D        | Bought a potion of heal wounds for 55 gold pieces
  2557 | D        | Noticed a green ugly thing
  2561 | D        | Noticed an ice dragon
  2563 | D        | Noticed a stone giant
  2565 | D        | Noticed a vampire mage
  2567 | D        | Noticed an ice dragon
  2569 | D        | Noticed an ice dragon
  2572 | D        | Killed a green ugly thing
  2572 | D        | Reached ****** piety under Okawaru
  2572 | D        | Reached skill level 10 in Transmutations
  2572 | D        | Reached XP level 12. HP: 90/100 MP: 16/27
  2573 | D        | Noticed a centaur warrior
  2575 | D        | Killed an ice dragon
  2575 | D        | Received a gift from Okawaru
  2575 | D        | Reached skill level 11 in Short Blades
  2575 | D        | Reached skill level 11 in Long Blades
  2575 | D        | Reached skill level 11 in Axes
  2575 | D        | Reached skill level 11 in Maces & Flails
  2575 | D        | Reached skill level 11 in Polearms
  2575 | D        | Reached skill level 11 in Staves
  2575 | D        | Reached skill level 11 in Slings
  2575 | D        | Reached skill level 11 in Bows
  2575 | D        | Reached skill level 11 in Crossbows
  2575 | D        | Reached skill level 11 in Throwing
  2575 | D        | Reached skill level 11 in Armour
  2575 | D        | Reached skill level 11 in Stealth
  2575 | D        | Reached skill level 11 in Shields
  2575 | D        | Reached skill level 11 in Evocations
  2578 | D        | Killed a stone giant
  2578 | D        | Reached skill level 12 in Spellcasting
  2578 | D        | Reached skill level 12 in Invocations
  2582 | D        | Killed a vampire mage
  2582 | D        | Reached skill level 12 in Dodging
  2586 | D        | Killed an ice dragon
  2591 | D        | Killed an ice dragon
  2595 | D        | Killed a centaur warrior
  2602 | D        | Reached skill level 13 in Unarmed Combat
  2614 | D        | Got a transparent scale mail {god gift}
  2856 | D        | Identified the +1 scale mail of the Republic {rElec rF+ Dex-3} (Okawaru gifted it to you in the Dungeon)
  3110 | D        | Noticed Harold
  3119 | D        | Noticed Nessos
  3144 | D        | Killed Nessos
  3148 | D        | Killed Harold
  3148 | D        | Reached skill level 12 in Fighting
  3148 | D        | Reached skill level 10 in Conjurations
  3148 | D        | Reached skill level 10 in Hexes
  3148 | D        | Reached skill level 10 in Charms
  3148 | D        | Reached skill level 10 in Summonings
  3148 | D        | Reached skill level 10 in Necromancy
  3148 | D        | Reached skill level 10 in Translocations
  3148 | D        | Reached skill level 10 in Fire Magic
  3148 | D        | Reached skill level 10 in Ice Magic
  3148 | D        | Reached skill level 10 in Air Magic
  3148 | D        | Reached skill level 10 in Earth Magic
  3148 | D        | Reached skill level 10 in Poison Magic
  3293 | D        | Noticed a merfolk javelineer
  3309 | D        | Killed a merfolk javelineer
  3326 | D        | Reached skill level 12 in Short Blades
  3326 | D        | Reached skill level 12 in Long Blades
  3326 | D        | Reached skill level 12 in Axes
  3326 | D        | Reached skill level 12 in Maces & Flails
  3326 | D        | Reached skill level 12 in Polearms
  3326 | D        | Reached skill level 12 in Staves
  3326 | D        | Reached skill level 12 in Slings
  3326 | D        | Reached skill level 12 in Bows
  3326 | D        | Reached skill level 12 in Crossbows
  3326 | D        | Reached skill level 12 in Throwing
  3326 | D        | Reached skill level 12 in Armour
  3326 | D        | Reached skill level 12 in Stealth
  3326 | D        | Reached skill level 12 in Shields
  3326 | D        | Reached skill level 12 in Evocations
  3336 | D        | Received a gift from Okawaru
  3336 | D        | Reached skill level 11 in Transmutations
  3336 | D        | Reached skill level 13 in Invocations
  3341 | D        | Reached XP level 13. HP: 54/109 MP: 10/29
  3346 | D        | Reached skill level 13 in Spellcasting
  3556 | D        | Received a gift from Okawaru
  3558 | D        | Reached skill level 13 in Dodging
  3666 | D        | Received a gift from Okawaru
  3666 | D        | Reached skill level 14 in Unarmed Combat
  3669 | D        | Reached skill level 13 in Fighting
  3677 | D        | HP: 17/111 [six-headed hydra (17)]
  3683 | D        | HP: 12/111 [six-headed hydra (13)]
  3688 | D        | Reached skill level 11 in Conjurations
  3688 | D        | Reached skill level 11 in Hexes
  3688 | D        | Reached skill level 11 in Charms
  3688 | D        | Reached skill level 11 in Summonings
  3688 | D        | Reached skill level 11 in Necromancy
  3688 | D        | Reached skill level 11 in Translocations
  3688 | D        | Reached skill level 11 in Fire Magic
  3688 | D        | Reached skill level 11 in Ice Magic
  3688 | D        | Reached skill level 11 in Air Magic
  3688 | D        | Reached skill level 11 in Earth Magic
  3688 | D        | Reached skill level 11 in Poison Magic
  3972 | D        | Identified a +0 pair of boots of running (Okawaru gifted it to you in the Dungeon)
  3985 | D        | Noticed an emperor scorpion
  3985 | D        | Noticed an entropy weaver
  3985 | D        | Noticed a spark wasp
  3986 | D        | Noticed an entropy weaver
  3989 | D        | Killed a spark wasp
  3989 | D        | Reached skill level 13 in Short Blades
  3989 | D        | Reached skill level 13 in Long Blades
  3989 | D        | Reached skill level 13 in Axes
  3989 | D        | Reached skill level 13 in Maces & Flails
  3989 | D        | Reached skill level 13 in Polearms
  3989 | D        | Reached skill level 13 in Staves
  3989 | D        | Reached skill level 13 in Slings
  3989 | D        | Reached skill level 13 in Bows
  3989 | D        | Reached skill level 13 in Crossbows
  3989 | D        | Reached skill level 13 in Throwing
  3989 | D        | Reached skill level 13 in Armour
  3989 | D        | Reached skill level 13 in Stealth
  3989 | D        | Reached skill level 13 in Shields
  3989 | D        | Reached skill level 14 in Invocations
  3989 | D        | Reached skill level 13 in Evocations
  4002 | D        | Killed an entropy weaver
  4009 | D        | HP: 27/111 [emperor scorpion (3)]
  4014 | D        | HP: 36/166 [emperor scorpion (9)]
  4016 | D        | HP: 13/166 [emperor scorpion (20)]
  4016 | D        | HP: 5/166 [emperor scorpion (8)]
  4018 | D        | Killed an emperor scorpion
  4018 | D        | Succumbed to an emperor scorpion's poison

Vault maps used:
D:        linesprint

Skill      XL: |  1  2  3  4  5  6  7  8  9 10 11 12 13 |
---------------+----------------------------------------+-----
Spellcasting   | 5 6 7 8 9 10 11 12 13 | 13.9
Fighting       | 3 4 5 6 7 8 9 11 12 13 | 13.3
Short Blades   | 1 2 3 4 5 7 8 9 10 12 13 | 13.1
Long Blades    | 1 2 3 4 5 7 8 9 10 12 13 | 13.1
Axes           | 1 2 3 4 5 7 8 9 10 12 13 | 13.1
Maces & Flails | 1 2 3 4 5 7 8 9 10 12 13 | 13.1
Polearms       | 1 2 3 4 5 7 8 9 10 12 13 | 13.1
Staves         | 1 2 3 4 5 7 8 9 10 12 13 | 13.1
Slings         | 1 2 3 4 5 7 8 9 10 12 13 | 13.1
Bows           | 1 2 3 4 5 7 8 9 10 12 13 | 13.1
Crossbows      | 1 2 3 4 5 7 8 9 10 12 13 | 13.1
Throwing       | 1 2 3 4 5 7 8 9 10 12 13 | 13.1
Armour         | 1 2 3 4 5 7 8 9 10 12 13 | 13.1
Stealth        | 1 2 3 4 5 7 8 9 10 12 13 | 13.1
Shields        | 1 2 3 4 5 7 8 9 10 12 13 | 13.1
Conjurations   | 1 2 3 4 5 6 8 9 10 11 | 11.3
Hexes          | 1 2 3 4 5 6 8 9 10 11 | 11.3
Charms         | 1 2 3 4 5 6 8 9 10 11 | 11.3
Summonings     | 1 2 3 4 5 6 8 9 10 11 | 11.3
Necromancy     | 1 2 3 4 5 6 8 9 10 11 | 11.3
Translocations | 1 2 3 4 5 6 8 9 10 11 | 11.3
Transmutations | 4 5 6 7 8 10 11 | 11.8
Fire Magic     | 1 2 3 4 5 6 8 9 10 11 | 11.3
Ice Magic      | 1 2 3 4 5 6 8 9 10 11 | 11.3
Air Magic      | 1 2 3 4 5 6 8 9 10 11 | 11.3
Earth Magic    | 1 2 3 4 5 6 8 9 10 11 | 11.3
Poison Magic   | 1 2 3 4 5 6 8 9 10 11 | 11.3
Invocations    | 2 3 4 6 7 9 10 11 13 14 | 14.2
Evocations     | 1 2 3 4 5 7 8 9 10 12 13 | 13.1
Dodging        | 5 6 7 8 9 10 11 12 13 | 13.8
Unarmed Combat | 7 8 9 10 11 12 13 14 | 14.4

Action                   |  1- 3 |  4- 6 |  7- 9 | 10-12 | 13-15 || total
-------------------------+-------+-------+-------+-------+-------++-------
Melee: Unarmed           |    24 |    31 |    48 |   224 |    89 ||   416
       Kick              |     2 |     1 |       |       |       ||     3
       Punch             |       |       |     1 |    15 |     4 ||    20
       Bite              |       |       |     1 |    21 |     5 ||    27
       Headbutt          |       |       |     1 |       |       ||     1
 Cast: Beastly Appendage |     2 |       |     1 |       |       ||     3
       Spider Form       |       |     3 |       |       |     1 ||     4
       Blade Hands       |       |       |     3 |     9 |     4 ||    16
Invok: Heroism           |       |     2 |     2 |     7 |     3 ||    14
       Finesse           |       |       |     2 |     7 |     3 ||    12
Evoke: Wand              |       |       |       |       |     4 ||     4
  Use: Potion            |     3 |     2 |     3 |     4 |    10 ||    22
       Scroll            |       |       |     2 |       |       ||     2
 Stab: Sleeping          |       |     2 |     1 |     1 |     2 ||     6
       Invisible         |       |       |     3 |       |     5 ||     8
       Distracted        |       |       |       |     3 |       ||     3
  Eat: Chunk             |       |       |     1 |     9 |     2 ||    12
Armor: Robe              |     1 |       |     8 |     3 |       ||    12
       Acid dragon scale |       |       |       |     4 |       ||     4
       Leather armour    |       |       |       |     3 |       ||     3
       Scale mail        |       |       |       |    15 |    19 ||    34
       Skin              |       |       |       |       |     3 ||     3
Dodge: Dodged            |    15 |    14 |    36 |   118 |   132 ||   315
Block: Buckler           |       |       |       |       |     2 ||     2

Table legend:
 A = Spawn XP
 B = Non-spawn XP
 C = Spawn XP percentage of total XP
 D = Spawn monster count
 E = Non-spawn monster count
 F = Spawn count percentage of total count
 G = Total turns spent on level
                    A         B        C        D         E        F      G
               +---------+---------+-------+---------+---------+-------+---------
         Total |       0 |   48029 |   0.0 |       0 |     132 |   0.0 |  4018
               +---------+---------+-------+---------+---------+-------+---------
             D |       0 |   48029 |   0.0 |       0 |     132 |   0.0 |  4018
               +---------+---------+-------+---------+---------+-------+---------

Vault maps used:
D:        linesprint

Table legend:
 A = Turns spent in this place as a percentage of turns spent in the entire game.
 B = Non-inter-level travel turns spent in this place as a percentage of non-inter-level travel turns spent in the entire game.
 C = Inter-level travel turns spent in this place as a percentage of turns spent in this place.
 D = Turns resting spent in this place as a percentage of non-inter-level travel turns spent in this place.
 E = Turns spent auto-exploring this place as a percentage of non-inter-level travel turns spent in this place.
 F = Non-inter-level travel turns spent in this place divided by the number of levels of this place that you've seen.
                   A       B       C       D       E      F
               +-------+-------+-------+-------+-------+----------------------
         Total | 100.0 | 100.0 |   0.1 |  46.7 |  15.8 | 4012.0
       Dungeon | 100.0 | 100.0 |   0.1 |  46.7 |  15.8 | 4012.0
               +-------+-------+-------+-------+-------+----------------------

Table legend:
 A = Kills in this place as a percentage of kills in entire the game.
 B = Kills by you in this place as a percentage of kills by you in the entire game.
 C = Kills by friends in this place as a percentage of kills by friends in the entire game.
 D = Other kills in this place as a percentage of other kills in the entire game.
 E = Experience gained in this place as a percentage of experience gained in the entire game.
 F = Experience gained in this place divided by the number of levels of this place that you have seen.
                   A       B       C       D       E      F
               +-------+-------+-------+-------+-------+----------------------
         Total | 100.0 | 100.0 |   N/A |   N/A | 100.0 | 48029.0
       Dungeon | 100.0 | 100.0 |   N/A |   N/A | 100.0 | 48029.0
               +-------+-------+-------+-------+-------+----------------------
